 Dungeon Sprint DCSS version 0.19.0-9-gfd783f2 (webtiles) character file.

968 LORDOFBUTT the Blocker (level 7, -7/73 HPs)
             Began as a Minotaur Fighter on Nov 7, 2016.
             Mangled by a tyrant leech (29 damage)
             ... in the Dungeon (Sprint II: "The Violet Keep of Menkaure").
             The game lasted 00:00:49 (393 turns).

LORDOFBUTT the Blocker (Minotaur Fighter)            Turns: 393, Time: 00:00:50

Health: -7/73      AC:  9    Str: 21    XL:     7   Next: 93%
Magic:  6/6        EV: 11    Int:  5    God:
Gold:   243        SH: 12    Dex: 11    Spells: 0 memorised, 6 levels left

rFire  . . .     SeeInvis .     a - +0 war axe
rCold  . . .     Gourm    .     b - +0 scale mail
rNeg   . . .     Faith    .     c - +0 shield
rPois  .         Spirit   .     (helmet restricted)
rElec  .         Reflect  .     (no cloak)
rCorr  .         Harm     .     (no gloves)
MR     .....     Rnd*Rage +     (no boots)
Stlth  .......... NoTele   +    (no amulet)
                                (no ring)
                                (no ring)

@: no status effects
A: retaliatory headbutt, horns 2, berserk 1
a: no special abilities


You were in the Dungeon.
You were not hungry.

You visited 1 branch You collected 243 gold pieces.

Inventory:

Hand Weapons
 a - a +0 war axe (weapon)
Armour
 b - a +0 scale mail (worn)
 c - a +0 shield (worn)
Scrolls
 k - a scroll of blinking
Potions
 e - a potion of curing
 g - a potion of heal wounds
 h - a potion of haste
 i - 2 potions of magic
Comestibles
 f - a bread ration


   Skills:
 + Level 10.6 Fighting
 + Level 9.6 Axes
 + Level 11.0 Armour
 + Level 3.5 Dodging
 + Level 11.3 Shields


You had 6 spell levels left.
You didn't know any spells.

Dungeon Overview and Level Annotations

Branches:
Dungeon (1/1)

Altars:


Innate Abilities, Weirdness & Mutations

You reflexively headbutt those who attack you in melee.
You have a pair of horns on your head.
You tend to lose your temper in combat.


Message History

You start resting.
All of the chunks of flesh in your inventory have rotted away.
The walls and floor vibrate strangely for a moment.
There is an open door, spattered with blood here.
You start resting.
HP restored.
There is a staircase leading out of the dungeon here.
There is an open door here.
You open the door. You slash the tyrant leech!
Your headbutt misses the tyrant leech.
The tyrant leech is moderately wounded.
The tyrant leech bites you!!
The tyrant leech draws strength from your injuries!
You barely miss the tyrant leech.
The tyrant leech is lightly wounded.
The tyrant leech bites you!!
The tyrant leech draws strength from your injuries!
Your shield prevents you from hitting the tyrant leech.
Your headbutt misses the tyrant leech. The tyrant leech bites you!!
You die...

## ##
#.###.# ##
#.#.# #
#.###'## .##
#.##.##$..#
#.'.<@w#
#..##.##w..#
#.###'# .##
## #.#.# #
#.. ..# ###
###


You could see 2 tyrant leeches.

Vanquished Creatures
  2 hippogriffs (D)
  4 neqoxecs (D)
  4 worker ants (D)
10 creatures vanquished.

Notes
Turn   | Place    | Note
-------+----------+-------------------------------------------
     0 | D        | LORDOFBUTT the Minotaur Fighter began the quest for the Orb.
     0 | D        | Reached XP level 1. HP: 19/19 MP: 0/0
     1 | D        | Noticed a worker ant
     1 | D        | Noticed a worker ant
     1 | D        | Noticed a worker ant
     1 | D        | Noticed a worker ant
     8 | D        | Killed a worker ant
     8 | D        | Reached skill level 5 in Fighting
     8 | D        | Reached skill level 5 in Armour
     8 | D        | Reached skill level 5 in Shields
     8 | D        | Reached XP level 2. HP: 28/29 MP: 1/1
    15 | D        | Reached XP level 3. HP: 27/36 MP: 2/2
    20 | D        | Reached XP level 4. HP: 32/44 MP: 3/3
   183 | D        | Noticed a tyrant leech
   183 | D        | Noticed a tyrant leech
   187 | D        | Noticed a neqoxec
   187 | D        | Noticed a neqoxec
   187 | D        | Noticed a neqoxec
   187 | D        | Noticed a neqoxec
   188 | D        | Gained mutation: You tend to lose your temper in combat. [a neqoxec]
   193 | D        | Killed a neqoxec
   193 | D        | Reached skill level 1 in Dodging
   193 | D        | Reached XP level 5. HP: 53/53 MP: 4/4
   195 | D        | Killed a neqoxec
   195 | D        | Reached XP level 6. HP: 62/62 MP: 5/5
   197 | D        | Killed a neqoxec
   197 | D        | Reached skill level 10 in Shields
   203 | D        | Killed a neqoxec
   203 | D        | Reached skill level 10 in Armour
   203 | D        | Reached XP level 7. HP: 71/71 MP: 6/6
   234 | D        | Noticed a hippogriff
   234 | D        | Noticed a hippogriff
   239 | D        | Killed a hippogriff
   239 | D        | Reached skill level 10 in Fighting
   242 | D        | Killed a hippogriff
   393 | D        | Mangled by a tyrant leech

Skill      XL: |  1  2  3  4  5  6  7 |
---------------+----------------------+-----
Fighting       | 5 7 8 9 10 | 10.6
Axes           | 3 6 7 8 9 |  9.6
Armour         | 5 6 8 9 10 11 | 11.0
Shields        | 5 6 8 9 10 11 | 11.3
Dodging        | 1 2 3 |  3.5

Action                   |  1- 3 |  4- 6 |  7- 9 || total
-------------------------+-------+-------+-------++-------
Melee: War axe           |    17 |    18 |    10 ||    45
       Headbutt          |     2 |     9 |     1 ||    12
  Use: Potion            |       |     2 |       ||     2
Armor: Scale mail        |     8 |     1 |    10 ||    19
Dodge: Dodged            |     3 |     2 |     7 ||    12
Block: Shield            |    11 |     5 |    14 ||    30
